 Dungeon Crawl Stone Soup version 0.27-a0-1416-g941b2bd30b (webtiles) character file.

Game seed: 10952074495623115031

24130 spiderkeys the Envoy of Void (level 13, 0/92 HPs)
             Began as an Octopode Abyssal Knight on July 2, 2021.
             Was a High Priest of Lugonu.
             Slain by a slime creature (5 damage)
             ... while petrified by a basilisk
             ... on level 5 of the Lair of Beasts.
             The game lasted 00:34:59 (18211 turns).

spiderkeys the Envoy of Void (OpAK)                Turns: 18211, Time: 00:35:00

Health: 0/92       AC: 12    Str: 12    XL:     13   Next: 11%
Magic:  39/39      EV:  2    Int: 16    God:    Lugonu [*****.]
Gold:   797        SH:  0    Dex: 12    Spells: 14/22 levels left

rFire    + . .     SeeInvis +   x - +5 trident (drain)
rCold    . . .     Faith    .   i - +3 buckler {AC+3}
rNeg     + + +     Spirit   .   (helmet restricted)
rPois    ∞         Reflect  +   h - amulet of reflection
rElec    .         Harm     .   P - ring of poison resistance
rCorr    .         Rampage  .   v - ring of see invisible
Will     .....                  O - +4 ring of protection
Stlth    ++........             W - ring of magical power
HPRegen  0.25/turn              w - ring of magical power
MPRegen  0.26/turn              o - +4 ring of protection
                                F - ring of protection from fire
                                (no ring)

@: petrified
A: almost no armour, amphibious, 8 rings, camouflage 1, gelatinous body 1,
(nimble swimmer 1), tentacles, [screaming 2], [weak 1], [subdued magic 2]
a: Renounce Religion, Depart the Abyss, Bend Space, Banish, Corrupt, Enter the
Abyss


You were on level 5 of the Lair of Beasts.
You worshipped Lugonu.
Lugonu was extremely pleased with you.
You visited 3 branches of the dungeon, and saw 17 of its levels.
You visited the Abyss 1 time.
You also visited: Gauntlet.

You collected 1073 gold pieces.
You spent 276 gold pieces at shops.


Innate Abilities, Weirdness & Mutations

You cannot wear most types of armour.
You are amphibious.
You can wear up to eight rings at the same time.
Your skin changes colour to match your surroundings (Stealth+).
Your rubbery body absorbs attacks. (AC +1, EV +1)
((You are camouflaged near water. (Stealth+)))
You have tentacles for arms and can constrict up to eight enemies at once.
[You frequently scream uncontrollably at your foes.]
[You are weak. (Str -2)]
[Your spells are easier to cast, but less powerful.]


   Skills:
 - Level 10.0 Fighting
 - Level 10.0 Polearms
 - Level 9.0 Dodging
 - Level 8.0 Shields
 * Level 5.1 Spellcasting
 * Level 5.5 Conjurations
 + Level 10.8 Invocations


You had 14 spell levels left.
You knew the following spells:

 Your Spells              Type           Power      Damage    Failure   Level
f - Fulminant Prism       Conj/Hex       4%         3d6       34%         4
X - Iskenderun's Mystic   Conj/Tloc      8%         2d4       34%         4

Your spell library contained the following spells:

 Spells                   Type           Power      Damage    Failure   Level
 Foxfire                  Conj/Fire      32%        2x1d5     2%          1
 Conjure Flame            Conj/Fire      8%         6-21      10%         3
 Summon Small Mammal      Summ           8%         N/A       11%         1
 Sublimation of Blood     Necr           1%         N/A       16%         2
 Iskenderun's Battlesphe  Conj           13%        2d7       30%         5
 Call Canine Familiar     Summ           2%         N/A       32%         3
 Inner Flame              Hex/Fire       2%         N/A       32%         3
 Summon Guardian Golem    Hex/Summ       2%         N/A       32%         3
 Sticky Flame             Conj/Fire      8%         2d3       34%         4
 Fireball                 Conj/Fire      4%         3d4       73%         5
 Irradiate                Conj/Tmut      4%         3d15      73%         5
 Petrify                  Tmut/Erth      2%         N/A       77%         4
 Lee's Rapid Deconstruct  Erth           1%         3d5*      98%         5
 Conjure Ball Lightning   Conj/Air       4%         3x3d6     100%        6
 Iron Shot                Conj/Erth      4%         9d2       100%        6
 Orb of Destruction       Conj           6%         9d3       100%        7
 Spellforged Servitor     Conj/Summ      4%         N/A       100%        7
 Lehudib's Crystal Spear  Conj/Erth      4%         10d3      100%        8
 Chain Lightning          Conj/Air       4%         3d5       100%        9
 Fire Storm               Conj/Fire      4%         8d1       100%        9

Inventory:

Hand Weapons
 a - a +2 spear
 b - the +9 halberd of Defence by Offence {pain, Stlth+}
   (You bought it in a shop on level 1 of the Dungeon)

   In the hands of one skilled in necromantic magic, it inflicts extra damage on
   living creatures.
   Stlth:     It makes you more stealthy.
 x - a +5 trident of draining (weapon)
   (You took it off a gnoll sergeant on level 5 of the Dungeon)
 H - a +1 spear of freezing
   (You found it on level 10 of the Dungeon)
Missiles
 f - 62 poisoned darts
 k - 6 silver javelins
 r - 2 silver boomerangs
 s - 335 stones
 t - 10 boomerangs
 u - 104 bolts
 D - 85 arrows
 G - 93 sling bullets
 J - 7 atropa-tipped darts
 M - 10 curare-tipped darts {=f}
 U - 6 javelins
Armour
 i - a +3 buckler of protection (worn)
   (You acquired it on level 1 of the Dungeon)
Jewellery
 g - an amulet of regeneration
   (You found it in a Gauntlet)
 h - an amulet of reflection (around mantle)
   (You found it on level 1 of the Dungeon)
 o - a +4 ring of protection (on tentacle)
   (You found it on level 7 of the Dungeon)
 v - a ring of see invisible (right tentacle)
   (You took it off an orc on level 4 of the Dungeon)
 w - a ring of magical power (on tentacle)
   (You found it on level 7 of the Dungeon)
 C - a ring of ice
   (You found it in a Gauntlet)
 F - a ring of protection from fire (on tentacle)
   (You found it on level 11 of the Dungeon)
 O - a +4 ring of protection (on tentacle)
   (You found it on level 6 of the Dungeon)
 P - a ring of poison resistance (left tentacle)
   (You found it on level 2 of the Dungeon)
 R - a ring of resist corrosion
   (You took it off a minotaur in a Gauntlet)
 W - a ring of magical power (on tentacle)
   (You found it on level 7 of the Dungeon)
Wands
 y - a wand of flame (47)
   (You found it on level 6 of the Dungeon)
 z - a wand of iceblast (2)
   (You found it on level 6 of the Dungeon)
 A - a wand of mindburst (30)
   (You found it on level 6 of the Dungeon)
 E - a wand of acid (4)
   (You found it on level 9 of the Dungeon)
 I - a wand of polymorph (7)
   (You found it on level 9 of the Dungeon)
 L - a wand of paralysis (9)
   (You found it on level 9 of the Dungeon)
 V - a wand of charming (7)
   (You found it on level 2 of the Lair of Beasts)
 Y - a wand of digging (3)
   (You found it in a Gauntlet)
Scrolls
 d - a scroll of enchant armour
 l - a scroll of vulnerability {!r!r}
 m - 2 scrolls of teleportation {@r4}
 n - 5 scrolls of fear
 p - a scroll of summoning
 N - a scroll of fog
 Q - a scroll of silence {!r}
 S - 2 scrolls of immolation {!r!r}
Potions
 c - 2 potions of curing {@q1}
 e - 2 potions of berserk rage {!q}
 j - a potion of flight
 q - a potion of heal wounds {@q2}
 B - a potion of magic
 K - 3 potions of might
 T - a potion of resistance {unknown}
 X - a potion of mutation {!q}

Dungeon Overview and Level Annotations

Branches:
Dungeon (11/15)            Temple (1/1) D:7            Lair (5/6) D:9
 Shoals (0/4) Lair:4      Gauntlet (visited)
  Snake: Lair:2-4    Spider: Lair:2-4     Slime: Lair:5-6       Orc: D:9-12

Altars:
Cheibriados
Fedhas
Gozag
Hepliaklqana
Kikubaaqudgha
Makhleb
Nemelex Xobeh
Qazlal
Ru
Sif Muna
Wu Jian
Yredelemnul
Zin
The Shining One
Jiyva

Shops:
D:1 **!(=   D:3 [
D:7 * ....... ...#.## ....... ....... ......< ....... #..... ....... #..... ....... ##..... YY.....

#P....l#YY.....
#@Jl...#
.D....YJJ....#
.............#
..........J....
...............
#..............
#...........#..
#P..........###


You could see a six-headed hydra, 3 slime creatures, a komodo dragon, 5 yaks, a
basilisk and a jelly.


Message History

The yak bellows! x2; You hear an angry hiss.
You hear a bellow!
You hear a trumpeting! x2; You hear a bellow!
You hear an angry growl.
You hear a bellow!
You hear an angry hiss.
You hear a bellow! x3
You hear an angry hiss.
You hear a bellow!
There is a stone staircase leading up here. 😮 HP[-2]
You take 2 damage, and now have 61/92 hp.
You puncture the killer bee! You drain the killer bee.
You kill the killer bee!
Lugonu accepts your kill.
A yak comes into view.
You see here a killer bee corpse. 😮 HP[+1]
You hit the bullfrog. Your grab misses the bullfrog. You squeeze the bullfrog!
The bullfrog misses you. You block the bullfrog's attack.
You closely miss the bullfrog. You grab the bullfrog.
You constrict the bullfrog. You block the bullfrog's attack.
A basilisk comes into view.
The basilisk hisses angrily.
You puncture the bullfrog!
You kill the bullfrog!
Lugonu accepts your kill.
An elephant comes into view.
You scream at the elephant!
You block the yak's attack.
The elephant trumpets!
You hear an angry growl. x2; You hear a bellow!
You hear an angry hiss.
You hear a bellow!
As you read the scroll of teleportation {@r4}, it crumbles to dust.
You feel strangely unstable. You block the yak's attack. 😮 HP[+1]
A polar bear comes into view.
You scream at the polar bear!
You hear a bellow! x2; You hear an angry hiss.
You hear a bellow!
A yak comes into view.
The basilisk gazes at you.
You are slowing down.
A yak comes into view.
The yak gores the plant!
The plant begins to die.
You hear a bellow!
Your limbs are stiffening. 😮 HP[+1] Unknown command. 2 yaks come into view.
You scream at the yak!
Your surroundings suddenly seem different.
A yak comes into view.
The yak bellows!
A yak comes into view.
The yak bellows!
A slime creature comes into view.
You scream at the slime creature!
The slime creature quivers.
A nearby plant withers and dies.
A yak comes into view.
A basilisk comes into view.
A jelly comes into view.
A komodo dragon comes into view.
A yak comes into view.
A slime creature comes into view.
A yak comes into view.
The yak moves out of view. x2
The slime creature quivers.
The jelly quivers.
You have turned to stone.
Found a stone staircase leading up.
The komodo dragon bites you!! x2
* * * LOW HITPOINT WARNING * * *
The komodo dragon bites you!
* * * LOW HITPOINT WARNING * * *
The slime creature hits you!
* * * LOW HITPOINT WARNING * * *
A slime creature comes into view.
The komodo dragon bites you!
* * * LOW HITPOINT WARNING * * *
The yak completely misses you.
The slime creature hits you but does no damage. x2
The komodo dragon bites you but does no damage.
The yak gores you but does no damage. The slime creature hits you!
* * * LOW HITPOINT WARNING * * *
The slime creature hits you but does no damage.
The slime creature jiggles.
The komodo dragon bites you but does no damage.
The yak gores you.
* * * LOW HITPOINT WARNING * * *
The slime creature hits you!
* * * LOW HITPOINT WARNING * * *
The slime creature hits you!
* * * LOW HITPOINT WARNING * * *
The komodo dragon bites you.
* * * LOW HITPOINT WARNING * * *
The yak gores you.
* * * LOW HITPOINT WARNING * * *
The slime creature hits you.
* * * LOW HITPOINT WARNING * * *
The slime creature hits you.
* * * LOW HITPOINT WARNING * * *
A six-headed hydra comes into view.
The yak gores you.
* * * LOW HITPOINT WARNING * * *
The jelly hits you but does no damage.
The komodo dragon bites you but does no damage.
The yak gores you but does no damage.
The slime creature hits you but does no damage.
The slime creature hits you!
You die...

Skill      XL: |  1  2  3  4  5  6  7  8  9 10 11 12 13 |
---------------+----------------------------------------+-----
Dodging        | 3 4 5 6 7 9 |  9.0
Shields        | 1 2 3 4 5 7 8 |  8.0
Invocations    | 3 4 5 7 8 9 10 | 10.8
Polearms       | 3 4 5 6 7 9 10 | 10.0
Fighting       | 4 5 6 8 9 10 | 10.0
Conjurations   | 4 5 |  5.5
Spellcasting   | 4 5 |  5.1

Action                   |  1- 3 |  4- 6 |  7- 9 | 10-12 | 13-15 || total
-------------------------+-------+-------+-------+-------+-------++-------
Melee: Spear             |    99 |   111 |   153 |       |       ||   363
       Constrict         |    11 |    13 |    54 |    63 |     3 ||   144
       Tentacles         |     7 |    14 |    65 |   148 |    14 ||   248
       Trident           |       |       |   237 |   714 |    65 ||  1016
Throw: Dart              |       |     7 |    20 |     5 |       ||    32
       Stone             |       |     7 |       |       |       ||     7
Invok: Depart the Abyss  |     1 |       |       |       |       ||     1
       Bend Space        |       |       |     3 |     6 |       ||     9
Evoke: Wand              |       |       |     2 |    29 |       ||    31
  Use: Scroll            |     6 |     2 |    10 |    13 |     1 ||    32
       Potion            |       |       |       |     5 |       ||     5
 Stab: Sleeping          |     7 |     9 |     2 |     6 |       ||    24
       Distracted        |     1 |       |       |     1 |       ||     2
       Invisible         |       |       |       |     2 |       ||     2
Armor: Skin              |     1 |    18 |    40 |   138 |    26 ||   223
Dodge: Dodged            |    44 |    41 |   163 |   299 |    33 ||   580
Block: Buckler           |     4 |    39 |   228 |   395 |    36 ||   702
       Other             |     4 |       |       |       |       ||     4
       Reflection        |       |     4 |     4 |    10 |       ||    18

Levels and vault maps discovered:
D:1:      minmay_arrival_stone_box, layout_basic, serial_shops,
          nicolae_shop_waterfront, nicolae_shop_behind_doors,
          nicolae_diamond_shop, nicolae_shop_behind_doors, nicolae_shop_trees,
          minmay_misc_feat_roman, minmay_misc_feat_room,
          chequers_serial_rivers_small_b
D:2:      layout_basic, shapermc_ecumenical_altar_totnotflames,
          grunt_ministairs_10, uniq_natasha
D:3:      layout_loops_cross, bloody_makhleb, serial_shops, shop,
          serial_bayou_pond_d, minivault_14
D:4:      layout_loops_ring
D:5:      layout_rooms, tso_oasis_becter, st_stairs_11, grunt_ministairs_15
D:6:      minmay_thinvault, layout_cave_pods, lemuel_round_altar
D:7:      layout_rooms, temple_hall, serial_shops, nicolae_shop_waterfront,
          uniq_menkaure
D:8:      layout_basic, uniq_maurice, uniq_maggie
D:9:      layout_roguey, kennysheep_little_box, slow_altar_1,
          lemuel_doored_altar, old_standard_altar, lair_entry_dummy,
          minmay_fountain_box, glass_columns_c, minmay_misc_feat_tiny,
          grunt_livestock
D:10:     layout_rooms, grunt_temple_overflow_open
D:11:     minmay_the_grid_square_5x5_4x4_mashed
          [minmay_the_grid_square_5x5_three,
          minmay_the_grid_square_5x5_trominoes,
          minmay_the_grid_square_5x5_bracketed,
          minmay_the_grid_square_5x5_almost_minimal,
          minmay_the_grid_square_5x5_six,
          minmay_the_grid_square_5x5_prize_deathbox,
          minmay_the_grid_square_5x5_prize_snowflake,
          minmay_the_grid_square_5x5_empty, minmay_the_grid_square_5x5_mess,
          minmay_the_grid_square_5x5_prize_waves,
          minmay_the_grid_square_5x5_prize_gold,
          minmay_the_grid_square_5x5_beaten_path,
          minmay_the_grid_square_5x5_meh,
          minmay_the_grid_square_5x5_eight_small,
          minmay_the_grid_square_5x5_hourglass,
          minmay_the_grid_square_5x5_empty], layout_irregular_city,
          hangedman_abyss_or_decor_slice, nicolae_elemental_shop
Temple:   pf_slime_end_temple
Lair:1:   layout_regular_city, st_stairs_4, grunt_megastairs_2, uniq_sonja
Lair:2:   layout_hall_layers, patterned_corridor, serial_bayou_shore_b,
          grunt_megastairs_1, serial_bayou_shore_b, infiniplex_staircase_pool
Lair:3:   layout_regular_city, dummy_snake_entry, st_stairs_9,
          beast_lair_carwin_5, infiniplex_staircase_pool_2
Lair:4:   layout_roguey [special_room_bee], minmay_shoals_entry_lonely_mermaid,
          gauntlet_entry_generic, cheibrodos_lair_lostbears, grunt_megastairs_3
Lair:5:   layout_small_grid, minmay_slime_entry_pillars

Notes
Turn   | Place    | Note
-------+----------+-------------------------------------------
     0 | Abyss:1  | spiderkeys the Octopode Abyssal Knight began the quest for
                  | the Orb.
     0 | Abyss:1  | Reached XP level 1. HP: 16/16 MP: 2/2
     0 | Abyss:1  | magus.rc [v1.9.10]
    27 | Abyss:1  | You pick up a book of Flames and begin reading...
    27 | Abyss:1  | You add the spells Foxfire, Conjure Flame and Inner Flame
                  | to your library.
    46 | Abyss:1  | Found a corrupted altar of Lugonu.
    79 | Abyss:1  | Found a corrupted altar of Lugonu.
   163 | Abyss:2  | Noticed a tentacled starspawn
   176 | Abyss:3  | Noticed a chaos spawn
   181 | Abyss:3  | Noticed a raiju
   181 | Abyss:3  | Noticed a raiju
   181 | Abyss:3  | Noticed a raiju
   187 | Abyss:3  | Noticed a large abomination
   201 | Abyss:3  | HP: 1/16 [raiju/living lightning (15)]
   210 | Abyss:5  | Entered Level 5 of the Abyss
   248 | Abyss:5  | Noticed a spatial vortex
   251 | Abyss:5  | Noticed a small abomination
   256 | Abyss:5  | You pick up a book of Flames and begin reading...
   259 | D:1      | You pass through the gate.
   259 | D:1      | Escaped the Abyss
   543 | D:1      | Found Guejog's General Store.
   549 | D:1      | Found Poceemua's Distillery.
   611 | D:1      | Reached XP level 2. HP: 19/21 MP: 3/3
   649 | D:1      | Bought a potion of curing for 39 gold pieces
   722 | D:1      | Found Pemih's Antique Weapon Shop.
   821 | D:1      | Reached * piety under Lugonu
  1007 | D:1      | Reached XP level 3. HP: 25/26 MP: 4/4
  1065 | D:1      | Found Loergh's Jewellery Shoppe.
  1189 | D:1      | HP: 5/26 [endoplasm (3)]
  1539 | D:1      | Found Qilu's Assorted Antiques.
  1543 | D:1      | Bought a scroll labelled GEOFEWNOSTI for 21 gold pieces
  1543 | D:1      | Acquired a +2 buckler of protection
  1703 | D:2      | Found a faded altar of an unknown god.
  1874 | D:2      | Noticed Natasha
  1883 | D:2      | Killed Natasha
  1884 | D:2      | Reached skill level 3 in Dodging
  1884 | D:2      | Reached XP level 4. HP: 27/31 MP: 4/6
  2020 | D:2      | Reached ** piety under Lugonu
  2117 | D:2      | You pick up a book of Callings and begin reading...
  2117 | D:2      | You add the spells Summon Small Mammal, Call Canine
                  | Familiar and Summon Guardian Golem to your library.
  2245 | D:2      | Reached skill level 1 in Shields
  2440 | D:2      | Noticed Natasha
  2451 | D:2      | Killed Natasha
  2452 | D:2      | Reached skill level 3 in Invocations
  2452 | D:2      | Reached XP level 5. HP: 31/37 MP: 7/7
  2723 | D:3      | Noticed an ogre
  2757 | D:3      | Killed an ogre
  2758 | D:3      | Reached skill level 3 in Polearms
  2773 | D:3      | You add the spells Sticky Flame and Lehudib's Crystal Spear
                  | to your library.
  2773 | D:3      | Got Maveff's Volume of Arcane Weapons
  3042 | D:2      | Reached XP level 6. HP: 39/43 MP: 8/8
  3097 | D:3      | Found a burning altar of Makhleb.
  3119 | D:3      | Reached skill level 4 in Fighting
  3236 | D:3      | Reached skill level 2 in Shields
  3455 | D:3      | Found Bettaunu's Armour Shoppe.
  4062 | D:4      | Noticed an orc warrior
  4071 | D:4      | Killed an orc warrior
  4075 | D:4      | Reached XP level 7. HP: 44/49 MP: 9/9
  4490 | D:5      | Entered Level 5 of the Dungeon
  4525 | D:5      | Reached skill level 4 in Dodging
  4525 | D:5      | Reached skill level 4 in Invocations
  4865 | D:4      | Reached skill level 4 in Polearms
  4908 | D:4      | Reached *** piety under Lugonu
  5001 | D:4      | Reached skill level 3 in Shields
  5376 | D:4      | Reached XP level 8. HP: 45/54 MP: 11/11
  5597 | D:5      | Reached skill level 5 in Fighting
  5773 | D:5      | You pick up a book of Flames and begin reading...
  5841 | D:5      | Found a glowing golden altar of the Shining One.
  6057 | D:5      | Reached skill level 5 in Invocations
  6540 | D:3      | Reached skill level 5 in Dodging
  6576 | D:2      | Noticed Natasha
  6584 | D:2      | Killed Natasha
  6617 | D:1      | Bought a pitted halberd for 216 gold pieces
  6617 | D:1      | Identified the +9 halberd of Defence by Offence {pain,
                  | Stlth+} (You bought it in a shop on level 1 of the Dungeon)
  6778 | D:6      | Reached skill level 4 in Shields
  6834 | D:6      | Reached skill level 5 in Polearms
  7426 | D:6      | Found an ancient bone altar of Kikubaaqudgha.
  7493 | D:6      | HP: 14/56 [steam dragon/ball of steam (21)]
  7747 | D:6      | Reached XP level 9. HP: 62/62 MP: 13/13
  7792 | D:6      | Reached **** piety under Lugonu
  7831 | D:6      | Reached skill level 6 in Fighting
  7831 | D:6      | Reached skill level 6 in Invocations
  7960 | D:6      | Reached skill level 5 in Shields
  7981 | D:6      | Reached skill level 6 in Dodging
  8013 | D:6      | You pick up a book of Annihilations and begin reading...
  8013 | D:6      | You add the spells Chain Lightning and Fire Storm to your
                  | library.
  8652 | D:6      | Reached skill level 6 in Polearms
  8860 | D:7      | Noticed Menkaure
  9001 | D:7      | Killed Menkaure
  9041 | D:7      | Reached skill level 7 in Invocations
  9058 | D:7      | You pick up a book of the Spheres and begin reading...
  9058 | D:7      | You add the spells Iskenderun's Battlesphere, Fireball,
                  | Conjure Ball Lightning and Orb of Destruction to your
                  | library.
  9253 | D:7      | Reached XP level 10. HP: 69/69 MP: 15/15
  9366 | D:7      | Noticed a brown ugly thing
  9377 | D:7      | Killed a brown ugly thing
  9378 | D:7      | Reached skill level 7 in Fighting
  9378 | D:7      | Reached skill level 6 in Shields
  9416 | D:7      | Found a staircase to the Ecumenical Temple.
  9469 | D:7      | Found Lait's Assorted Antiques.
  9589 | Temple   | Entered the Ecumenical Temple
  9786 | D:8      | Reached skill level 7 in Dodging
  9804 | D:8      | You fall into a shaft and drop 3 floors!
  9817 | D:10     | Entered Level 10 of the Dungeon
  9839 | D:9      | Reached ***** piety under Lugonu
  9877 | D:9      | Found a sacrificial altar of Ru.
  9933 | D:9      | Found a glowing silver altar of Zin.
  9947 | D:9      | Found a staircase to the Lair.
  9968 | D:9      | Noticed a two-headed ogre
  9995 | D:9      | Killed a two-headed ogre
  9996 | D:9      | Reached skill level 7 in Polearms
 10413 | D:8      | Noticed Maurice
 10423 | D:8      | Killed Maurice
 10424 | D:8      | Reached skill level 8 in Invocations
 10568 | D:8      | Noticed Maggie
 10586 | D:8      | Killed Maggie
 10719 | D:8      | You pick up a book of Power and begin reading...
 10719 | D:8      | You add the spells Iron Shot and Spellforged Servitor to
                  | your library.
 10884 | D:9      | Found a snail-covered altar of Cheibriados.
 11030 | D:9      | You pick up a book of Power and begin reading...
 11038 | D:9      | Found a sparkling altar of Nemelex Xobeh.
 11178 | D:9      | Noticed a manticore
 11357 | D:9      | Reached skill level 7 in Shields
 11491 | D:9      | Killed a manticore
 11492 | D:9      | Reached skill level 8 in Fighting
 11492 | D:9      | Reached XP level 11. HP: 34/77 MP: 17/17
 11889 | D:9      | You pick up a book of Alchemy and begin reading...
 11889 | D:9      | You add the spells Sublimation of Blood, Petrify and
                  | Irradiate to your library.
 11944 | D:9      | Reached skill level 8 in Dodging
 12055 | D:9      | You pick up a book of Flames and begin reading...
 12124 | D:10     | Found a stormy altar of Qazlal.
 12167 | D:10     | Reached skill level 8 in Polearms
 12404 | D:10     | HP: 17/78 [yak (5)]
 12911 | D:10     | Reached skill level 9 in Invocations
 12974 | D:10     | Noticed a deep elf pyromancer
 12982 | D:10     | Killed a deep elf pyromancer
 13231 | D:10     | Found a basalt altar of Yredelemnul.
 13231 | D:10     | Found an ornate altar of the Wu Jian Council.
 13234 | D:10     | Found an opulent altar of Gozag.
 13274 | D:11     | Noticed a cyclops
 13309 | Lair:1   | Entered Level 1 of the Lair of Beasts
 13322 | Lair:1   | You pick up a book of Blasting and begin reading...
 13322 | Lair:1   | You add the spells Fulminant Prism, Iskenderun's Mystic
                  | Blast and Lee's Rapid Deconstruction to your library.
 13565 | Lair:1   | Learned a level 4 spell: Iskenderun's Mystic Blast
 13570 | Lair:1   | Learned a level 4 spell: Fulminant Prism
 13585 | Lair:1   | Noticed Sonja
 13592 | Lair:1   | Killed Sonja
 13593 | Lair:1   | Reached skill level 8 in Shields
 13689 | Lair:1   | Reached skill level 9 in Fighting
 13689 | Lair:1   | Reached skill level 9 in Dodging
 13855 | Lair:1   | Reached skill level 9 in Polearms
 13855 | Lair:1   | Reached XP level 12. HP: 51/85 MP: 19/19
 13944 | Lair:1   | HP: 18/86 [yak (10)]
 13949 | Lair:1   | Reached skill level 10 in Invocations
 14656 | Lair:1   | Reached skill level 1 in Conjurations
 14657 | Lair:1   | Reached skill level 1 in Spellcasting
 14915 | Lair:2   | Noticed a five-headed hydra
 14934 | Lair:2   | Killed a five-headed hydra
 14935 | Lair:2   | Reached skill level 2 in Spellcasting
 14935 | Lair:2   | Reached skill level 2 in Conjurations
 14962 | Lair:1   | HP: 19/87 [elephant (12)]
 15519 | Lair:2   | Reached skill level 3 in Conjurations
 16294 | Lair:2   | Reached skill level 3 in Spellcasting
 16485 | Lair:3   | Noticed a four-headed hydra
 16496 | Lair:3   | Killed a four-headed hydra
 16744 | Lair:4   | Found a gate leading to a gauntlet.
 16749 | Gauntlet | Entered a Gauntlet
 16749 | Gauntlet | Found a transporter.
 16749 | Gauntlet | Found a transporter.
 16761 | Gauntlet | Found a transporter.
 16773 | Gauntlet | Found a transporter.
 16782 | Gauntlet | Found a transporter.
 16785 | Gauntlet | Found a transporter.
 16793 | Gauntlet | Found a transporter.
 16813 | Gauntlet | Found a transporter.
 16816 | Gauntlet | Noticed a wretched star
 16830 | Gauntlet | Found a transporter.
 16836 | Gauntlet | Found a transporter.
 16844 | Gauntlet | Found a transporter.
 16850 | Gauntlet | Found a transporter.
 17030 | Gauntlet | Reached skill level 4 in Conjurations
 17057 | Gauntlet | Reached skill level 10 in Fighting
 17316 | Gauntlet | Reached skill level 4 in Spellcasting
 17434 | Gauntlet | Noticed a minotaur
 17460 | Gauntlet | Killed a minotaur
 17708 | Lair:4   | Reached XP level 13. HP: 57/82 MP: 18/18
 17851 | Lair:4   | Reached skill level 10 in Polearms
 17851 | Lair:4   | Reached skill level 5 in Conjurations
 18081 | Lair:4   | Reached skill level 5 in Spellcasting
 18208 | Lair:5   | HP: 23/92 [slime creature (4)]
 18210 | Lair:5   | HP: 9/92 [slime creature (3)]
 18211 | Lair:5   | Slain by a slime creature

Vanquished Creatures
  A minotaur (Gauntlet)
  2 hydras
  A two-headed ogre (D:9)
  Sonja (Lair:1)
  A fire crab (Gauntlet)
  A deep elf pyromancer (D:10)
  An oklob plant (Lair:2)
  An ugly thing (D:7)
  A manticore (D:9)
  A black mamba (Lair:3)
  Maurice (D:8)
  3 elephants
  Maggie (D:8)
  4 cane toads
  A rime drake (Lair:1)
  2 polar bears (Lair:4)
  7 blink frogs
  3 small abominations (Gauntlet)
  A wyvern (D:9)
  A steam dragon (D:6)
  2 hogs (D:9)
  40 yaks
  A human (D:9)
  A basilisk (Lair:1)
  4 fire bats (Gauntlet)
  Menkaure (D:7)
  4 water moccasins
  2 acid dragons (D:9)
  2 ice beasts
  2 sky beasts (D:6)
  3 orc warriors
  2 necrophages
  5 wolves (Lair:1)
  6 ogres
  2 boggarts (Gauntlet)
  3 centaurs
  3 kobold brigands
  A wyvern zombie (D:8)
  5 bullfrogs
  A scorpion (D:7)
  2 gnoll sergeants
  A wyvern skeleton (D:5)
  13 killer bees
  A wight (D:6)
  2 howler monkeys
  2 electric eels (Lair:2)
  5 centaur zombies
  2 centaur skeletons
  4 hounds
  2 jellies
  A bullfrog skeleton (D:6)
  6 orc priests
  An iron imp (D:9)
  A gnoll shaman (D:9)
  4 iguanas
  Natasha (thrice) (D:2)
  7 orc wizards
  A hell rat (Lair:3)
  2 howler monkey zombies (D:6)
  17 gnolls
  2 howler monkey skeletons (D:6)
  10 adders
  A shadow imp (D:7)
  2 white imps
  3 ufetubi
  3 dart slugs (D:1)
  40 orcs
  8 ball pythons
  4 bats
  9 endoplasms
  A goblin (D:4)
  2 hobgoblins
  8 jackals
  25 kobolds
  4 quokkas
  8 frilled lizards
  6 rats
338 creatures vanquished.

Vanquished Creatures (others)
  A kobold (D:9)
  7 fungi
  14 plants
  2 starspawn tentacles (Abyss:2)
  4 withered plants (Gauntlet)
28 creatures vanquished.

Grand Total: 366 creatures vanquished

Table legend:
 A = Non-vault XP
 B = Vault XP
 C = Vault XP percentage of total XP
 D = Non-vault monster count
 E = Vault monster count
 F = Vault count percentage of total count
                 A         B        C        D         E       F
            +---------+---------+-------+---------+---------+-------
      Total |   23749 |   10723 |  31.1 |     274 |      64 |  18.9
            +---------+---------+-------+---------+---------+-------
        D:1 |      53 |       0 |   0.0 |      26 |       0 |   0.0
        D:2 |     131 |      39 |  22.9 |      26 |       3 |  10.3
        D:3 |     256 |       0 |   0.0 |      20 |       0 |   0.0
        D:4 |     581 |     122 |  17.4 |      18 |       1 |   5.3
        D:5 |     385 |     161 |  29.5 |      21 |       9 |  30.0
        D:6 |     896 |    1392 |  60.8 |      22 |      20 |  47.6
        D:7 |    1109 |     169 |  13.2 |      22 |       1 |   4.3
        D:8 |     748 |     878 |  54.0 |      15 |       2 |  11.8
        D:9 |    2912 |    1039 |  26.3 |      31 |       6 |  16.2
       D:10 |    3105 |       0 |   0.0 |      17 |       0 |   0.0
       D:11 |       0 |     118 | 100.0 |       0 |       1 | 100.0
     Lair:1 |    6490 |    1491 |  18.7 |      28 |       5 |  15.2
     Lair:2 |    4230 |       0 |   0.0 |      15 |       0 |   0.0
     Lair:3 |      33 |    1526 |  97.9 |       1 |       2 |  66.7
     Lair:4 |    2730 |     576 |  17.4 |      11 |       2 |  15.4
     Lair:5 |      90 |      63 |  41.2 |       1 |       1 |  50.0
   Gauntlet |       0 |    3149 | 100.0 |       0 |      11 | 100.0
            +---------+---------+-------+---------+---------+-------

Illustrated notes

Table legend:
 A = Kills in this place as a percentage of kills in entire the game.
 B = Kills by you in this place as a percentage of kills by you in the entire game.
 C = Kills by friends in this place as a percentage of kills by friends in the entire game.
 D = Other kills in this place as a percentage of other kills in the entire game.
 E = Experience gained in this place as a percentage of experience gained in the entire game.
 F = Experience gained in this place divided by the number of levels of this place that you have seen.
                   A       B       C       D       E      F
               +-------+-------+-------+-------+-------+----------------------
         Total | 100.0 | 100.0 |   N/A |   N/A | 100.0 | 1498.8
       Dungeon |  77.2 |  77.2 |   N/A |   N/A |  40.9 | 1281.3
          Lair |  19.5 |  19.5 |   N/A |   N/A |  50.0 | 3445.8
      Gauntlet |   3.3 |   3.3 |   N/A |   N/A |   9.1 | 3149.0
               +-------+-------+-------+-------+-------+----------------------

Table legend: (Time is in decaauts)
 A = Elapsed time spent in this place.
 B = Non-inter-level travel time spent in this place.
 C = Inter-level travel time spent in this place.
 D = Time resting spent in this place.
 E = Time spent auto-exploring this place.
 F = Levels seen in this place.
 G = Mean time per level.
                   A        B        C        D        E       F      G
               +--------+--------+--------+--------+--------+-----+--------+
         Total |  18105 |  17496 |    609 |   2834 |  11254 |  23 |  787.2 |
       Dungeon |  13007 |  12462 |    545 |   2427 |   7862 |  11 | 1182.5 |
        Temple |     25 |     13 |     12 |      0 |      7 |   1 |   25.0 |
          Lair |   3926 |   3875 |     51 |    351 |   2721 |   5 |  785.2 |
         Abyss |    258 |    258 |      0 |     17 |    120 |   5 |   51.6 |
      Gauntlet |    887 |    887 |      0 |     39 |    544 |   1 |  887.0 |
               +--------+--------+--------+--------+--------+-----+--------+

Top non-repeatable levels by time:
  Lair:1: 1778 daAuts
     D:9: 1772 daAuts
     D:4: 1740 daAuts
     D:6: 1700 daAuts
     D:5: 1556 daAuts
     D:1: 1419 daAuts
  Lair:2: 1343 daAuts
     D:2: 1299 daAuts
     D:3: 1003 daAuts
    D:10: 984 daAuts
Gauntlet: 887 daAuts
     D:8: 805 daAuts
  Lair:4: 739 daAuts
     D:7: 689 daAuts
 Abyss:1: 148 daAuts
